 Dungeon Crawl Stone Soup version 0.29.1-12-g30fa7ad0bf (webtiles) character file.

Game seed: 12893991351685828898

60 croobank the Covered (level 3, -3/33 HPs)
             Began as a Minotaur Fighter on Dec 24, 2022.
             Slain by an iron imp (8 damage)
             ... summoned by Natasha
             ... on level 2 of the Dungeon.
             The game lasted 00:02:19 (1191 turns).

croobank the Covered (Minotaur Fighter)             Turns: 1191, Time: 00:02:19

Health: -3/33      AC:  8    Str: 22    XL:     3   Next: 82%
Magic:  2/2        EV:  9    Int:  5    God:
Gold:   99         SH:  4    Dex:  9    Spells: 2/2 levels left

rFire   + . .      SeeInvis .   a - +0 war axe
rCold   . . .      Faith    .   c - +0 buckler
rNeg    . . .      Spirit   .   b - +0 scale mail
rPois   .          Reflect  .   (helmet restricted)
rElec   .          Harm     .   (no cloak)
rCorr   .          Rampage  .   i - +0 pair of gloves
Will    .....                   (no boots)
Stlth   ..........              (no amulet)
HPRegen 0.11/turn               g - ring of flight
MPRegen 0.08/turn               h - ring of protection from fire

@: flying, slowed, very slow
A: horns 2, retaliatory headbutt
a: no special abilities


You were on level 2 of the Dungeon.
You visited 1 branch of the dungeon, and saw 2 of its levels.

You collected 99 gold pieces.

Inventory:

Hand Weapons
 a - a +0 war axe (weapon)
Armour
 b - a +0 scale mail (worn)
 c - a +0 buckler (worn)
 i - a +0 pair of gloves (worn)
Jewellery
 g - a ring of flight (left hand)
 h - a ring of protection from fire (right hand)
Scrolls
 j - 4 scrolls of identify {unknown}
 k - 2 scrolls of acquirement {unknown}
 m - a scroll of enchant weapon {unknown}
 o - a scroll of brand weapon {unknown}
 p - 2 scrolls of teleportation {unknown}
Potions
 d - a potion of might
 e - 2 potions of brilliance {unknown}
 f - 2 potions of heal wounds {unknown}
 l - a potion of cancellation {unknown}
 n - a potion of curing {unknown}
 q - a potion of flight {unknown}


   Skills:
 + Level 4.2 Fighting
 + Level 3.3 Axes
 + Level 4.2 Armour
 + Level 4.2 Shields


You had 2 spell levels left.
You didn't know any spells.
Your spell library was empty.

Dungeon Overview and Level Annotations

Branches:
Dungeon (2/15)

Altars:
Ashenzari

Shops:
D:1 (

Annotations:
D:2 Natasha


Innate Abilities, Weirdness & Mutations

You have a pair of horns on your head.
You reflexively headbutt those who attack you in melee.


Message History

You see here a +0 spear.
You hit Natasha.
Natasha is moderately wounded.
Natasha mumbles some strange words.
Natasha zaps a wand.
The puff of flame hits you but does no damage.
You resist.
You hit Natasha but do no damage.
Natasha is moderately wounded.
You closely miss the iron imp. Natasha casts a spell at you.
You feel as though you will be slow longer.
You block the iron imp's attack.
Natasha zaps a wand.
The puff of flame hits you. You resist.
You hit Natasha but do no damage.
Natasha is moderately wounded.
You closely miss the iron imp. You block the iron imp's attack.
Natasha claws you but does no damage. Natasha barely misses you.
You furiously retaliate!
You headbutt Natasha. The iron imp barely misses you.
You hit Natasha but do no damage. Your headbutt misses Natasha.
Natasha is severely wounded.
You hit the iron imp. Natasha casts a spell at you.
You feel as though you will be slow longer.
The iron imp hits you. Natasha claws you!
You barely miss Natasha.
Natasha is severely wounded.
You hit the iron imp.
The iron imp hits you but does no damage.
You block Natasha's attack.
The iron imp hits you but does no damage.
Natasha zaps a wand.
The puff of flame hits you. You resist.
* * * LOW HITPOINT WARNING * * *
You closely miss Natasha.
Natasha is severely wounded.
You hit the iron imp. Natasha claws you but does no damage.
The iron imp hits you.
* * * LOW HITPOINT WARNING * * *
You block Natasha's attack. The iron imp hits you!
You die...

###..####>..##.##.###......
##.####.####.##.###......
####......# #........#...[
#...<.....#####...##.##....
#.######...##........######
###.### #.........#..###
.##.....###.........#..##
..........................#
............#...@5....#.#.#######
................h................
..............................###
..............................#
............#.................###
...............(#.####...........
...8.8...#.###..# #####..#####
.#+#..##.# #.## ###.##### #.....#
#.# #......#.


You could see an iron imp (summoned) and Natasha.

Vanquished Creatures
  Natasha (D:2)
  A gnoll (D:1)
  A worm (D:2)
  A dart slug (D:2)
  2 endoplasms
  2 giant cockroaches (D:1)
  2 quokkas (D:1)
  2 ball pythons
  3 frilled lizards
  2 goblins (D:1)
  4 kobolds
  5 rats (D:1)
26 creatures vanquished.

Vanquished Creatures (others)
  9 plants (D:1)
9 creatures vanquished.

Grand Total: 35 creatures vanquished

Notes
Turn   | Place    | Note
-------+----------+-------------------------------------------
     0 | D:1      | croobank the Minotaur Fighter began the quest for the Orb.
     0 | D:1      | Reached XP level 1. HP: 19/19 MP: 0/0
   217 | D:1      | Found Qepn's Antique Weapon Shoppe.
   236 | D:1      | Reached XP level 2. HP: 27/27 MP: 1/1
   822 | D:2      | Found a broken altar of Ashenzari.
   887 | D:2      | Reached XP level 3. HP: 33/33 MP: 2/2
   937 | D:2      | Noticed Natasha
   942 | D:2      | Killed Natasha
  1182 | D:2      | Noticed Natasha
  1191 | D:2      | Slain by an iron imp

Illustrated notes

Levels and vault maps discovered:
D:1:      saegor_arrival_simple_b, layout_loops_ring, serial_shops,
          nicolae_shop_advertising_works [nicolae_subvault_shop_adworks],
          chequers_big_river, hangedman_decor_points
D:2:      layout_rooms, basic_altar,
          dreamdust_ecumenical_altar_angels_and_demons, minmay_pentomino_r2,
          uniq_natasha

Skill      XL: |  1  2 |
---------------+-------+-----
Fighting       | 4 |  4.2
Armour         | 4 |  4.2
Shields        | 4 |  4.2
Axes           | 3 |  3.3

Action                   || total
-------------------------++-------
Melee: War axe           ||    51
       Headbutt          ||     3
Armor: Scale mail        ||    21
Dodge: Dodged            ||    16
Block: Buckler           ||    10
